 Dungeon Crawl Stone Soup version 0.27-a0-836-gfc908b8576 (webtiles) character file.

Game seed: 17112968499719717737

63 funkygono the Magician (level 4, 0/31 HPs)
             Began as a Djinni Fire Elementalist on Mar 31, 2021.
             Was an Initiate of Elyvilon.
             Slain by an orc
             ... wielding a +0 trident
              (2 damage)
             ... on level 3 of the Dungeon.
             The game lasted 00:04:15 (2801 turns).

funkygono the Magician (Djinni Fire Elementalist)   Turns: 2801, Time: 00:04:17

Health: 0/31       AC:  2    Str:  7    XL:     4   Next: 9%
Gold:   81         EV: 12    Int: 17    God:    Elyvilon [......] SH:  0 Dex: 14

rFire    + + .     SeeInvis .   c - +1 dagger (elec)
rCold    x . .     Faith    .   (no shield)
rNeg     . . .     Spirit   .   a - +0 robe
rPois    ∞         Reflect  .   (no helmet)
rElec    .         Harm     .   (no cloak)
rCorr    .         Rampage  .   (no gloves)
Will     .....                  (boots unavailable)
Stlth    ++........             (no amulet)
HPRegen  0.10/turn              (no ring)
MPRegen  0.00/turn              (no ring)

@: flying
A: fire resistance 2, cold vulnerability 1, float, innate caster, hp casting,
extra vitality 1
a: Renounce Religion


You were on level 3 of the Dungeon.
You worshipped Elyvilon.
Elyvilon was noncommittal.
You visited 1 branch of the dungeon, and saw 3 of its levels.

You collected 81 gold pieces.

Inventory:

Hand Weapons
 c - a +1 dagger of electrocution (weapon)
Armour
 a - a +0 robe (worn)
 b - a +0 leather armour
Magical Staves
 i - a staff of cold
Potions
 d - a potion of ambrosia
 f - a potion of invisibility
 h - a potion of curing {unknown}


   Skills:
 * Level 2.5 Dodging
 - Level 1.5 Stealth
 * Level 4.0 Spellcasting


You couldn't memorise any spells.
You knew the following spells:

 Your Spells              Type           Power      Damage    Failure   Level
a - Foxfire               Conj/Fire      68%        2x1d7     3%          1
b - Conjure Flame         Conj/Fire      17%        6-21      9%          3
c - Inner Flame           Hex/Fire       17%        N/A       9%          3
d - Sticky Flame          Conj/Fire      17%        2d4       28%         4
e - Fireball              Conj/Fire      8%         3d6       63%         5
f - Corona                Hex            18%        N/A       3%          1
Your spell library was empty.

Dungeon Overview and Level Annotations

Branches:
Dungeon (3/15)

Altars:
Elyvilon
Yredelemnul


Innate Abilities, Weirdness & Mutations

You are immune to poison.
Your flesh is very heat resistant. (rF++)
You are vulnerable to cold. (rC-)
You float through the air rather than walking.
You learn spells naturally, not from books.
Your magical power is your life essence.
You have superior vitality. (+4 HP)


Message History

An orc comes into view. It is wielding a +0 mace.
The orc shouts!
An orc comes into view. It is wielding a +0 trident.
Casting: Foxfire (safe; 3% risk of failure)
Confirm with . or Enter, or press ? or * to list all spells.
You conjure some foxfire!
The orc closely misses you.
The orc wizard gestures at you while chanting.
The puff of flame hits you. You resist.
You can't go up here!
Unknown command.
You can't go up here!
Unknown command.
You can't go up here!
Unknown command.
Casting: Foxfire (safe; 3% risk of failure)
Confirm with . or Enter, or press ? or * to list all spells.
You conjure some foxfire!
The foxfire hits the orc wizard.
The orc wizard is lightly wounded.
The foxfire hits the orc wizard.
The orc wizard is moderately wounded.
The orc hits you with a +0 morningstar.
The orc wizard gestures at you while chanting.
You resist with some effort.
An ogre comes into view. It is wielding a +0 giant club.
Casting: Foxfire (safe; 3% risk of failure)
Confirm with . or Enter, or press ? or * to list all spells.
You conjure some foxfire!
The foxfire hits the orc.
The orc is almost dead.
The foxfire hits the orc.
The orc is heavily wounded.
The orc hits you with a +0 morningstar.
The orc hits you from afar with a +0 trident!
Casting: Foxfire (safe; 3% risk of failure)
Confirm with . or Enter, or press ? or * to list all spells.
You conjure some foxfire!
The foxfire hits the orc.
You kill the orc!
The orc hits you with a +0 morningstar!
* * * LOW HITPOINT WARNING * * *
The orc hits you from afar with a +0 trident.
You die...

# #. #.
#.######
#......#
#.§§v..#...
#§v@v....#
###ooo...#
#.o...O#
##.......
....##.
....# .....
...###


You could see an ogre, an orc wizard and 3 orcs.

Vanquished Creatures
  An adder (D:2)
  A dart slug (D:1)
  An orc (D:3)
  3 endoplasms
  4 goblins
  5 hobgoblins
  3 jackals (D:1)
  2 quokkas
  7 ball pythons
  5 bats
  11 frilled lizards
  4 kobolds (D:2)
  7 rats
54 creatures vanquished.

Vanquished Creatures (collateral kills)
  A foxfire (D:3)
1 creature vanquished.

Vanquished Creatures (others)
  126 foxfires
  4 plants (D:3)
130 creatures vanquished.

Grand Total: 185 creatures vanquished

Notes
Turn   | Place    | Note
-------+----------+-------------------------------------------
     0 | D:1      | funkygono the Djinni Fire Elementalist began the quest for
                  | the Orb.
     0 | D:1      | Reached XP level 1. HP: 15/15 MP: 0/0
   180 | D:1      | Reached skill level 3 in Spellcasting
   209 | D:1      | Reached XP level 2. HP: 18/21 MP: 0/0
  1251 | D:2      | Reached XP level 3. HP: 23/25 MP: 0/0
  1251 | D:2      | Learned a level 1 spell: Corona
  2105 | D:2      | Found a white marble altar of Elyvilon.
  2172 | D:2      | Found a basalt altar of Yredelemnul.
  2222 | D:2      | Became a worshipper of Elyvilon the Healer
  2548 | D:3      | Reached skill level 4 in Spellcasting
  2548 | D:3      | Reached XP level 4. HP: 27/31 MP: 0/0
  2799 | D:3      | Noticed an ogre
  2801 | D:3      | Slain by an orc

Illustrated notes

Levels and vault maps discovered:
D:1:      minmay_arrival_wavy_path, layout_basic
D:2:      layout_loops_corners, kennysheep_ying_yang, st_stairs_1
D:3:      layout_basic, minmay_lizard_king, uniq_grinder,
          uniq_crazy_yiuf_cottage

Skill      XL: |  1  2  3 |
---------------+----------+-----
Spellcasting   | 3 4 |  4.0
Dodging        | |  2.5
Stealth        | |  1.5

Action                   |  1- 3 |  4- 6 || total
-------------------------+-------+-------++-------
 Cast: Foxfire           |    69 |    11 ||    80
       Corona            |     4 |       ||     4
  Use: Scroll            |     6 |     3 ||     9
Dodge: Dodged            |     2 |     1 ||     3

Table legend: (Time is in decaauts)
 A = Elapsed time spent in this place.
 B = Non-inter-level travel time spent in this place.
 C = Inter-level travel time spent in this place.
 D = Time resting spent in this place.
 E = Time spent auto-exploring this place.
 F = Levels seen in this place.
 G = Mean time per level.
                   A        B        C        D        E       F      G
               +--------+--------+--------+--------+--------+-----+--------+
         Total |   2800 |   2714 |     86 |     79 |   2370 |   3 |  933.3 |
       Dungeon |   2800 |   2714 |     86 |     79 |   2370 |   3 |  933.3 |
               +--------+--------+--------+--------+--------+-----+--------+

Top non-repeatable levels by time:
     D:2: 1367 daAuts
     D:1: 1027 daAuts
     D:3: 404 daAuts
